 Dungeon Crawl Stone Soup version 0.30.0-29-ga12c61a403 (webtiles) character file.

Game seed: 16100860236966316956

56 croobank the Firebug (level 3, 0/28 HPs)
             Began as a Draconian Fire Elementalist on June 22, 2023.
             Slain by Sigmund
             ... wielding a +0 scythe of protection
              (11 damage)
             ... on level 2 of the Dungeon.
             The game lasted 00:16:39 (2487 turns).

croobank the Firebug (Draconian Fire Elementalist)  Turns: 2487, Time: 00:16:40

Health: 0/28       AC:  5    Str: 10    XL:     3   Next: 69%
Magic:  6/6        EV: 12    Int: 17    God:
Gold:   66         SH:  0    Dex: 11    Spells: 3/6 levels left

rFire   . . .        f - +0 short sword
rCold   . . .        (no shield)
rNeg    . . .        (body armour unavailable)
rPois   .            (helmet restricted)
rElec   .            (no cloak)
rCorr   .            (no gloves)
SInv    .            (no boots)
Will    +....        h - amulet of regeneration
Stlth   ++           m - ring of willpower
HPRegen 1.04/turn    (no ring)
MPRegen 0.10/turn

%: no passive effects
@: no status effects
A: AC +5, unfitting armour, cold-blooded
a: no special abilities


You were on level 2 of the Dungeon.
You visited 1 branch of the dungeon, and saw 2 of its levels.

You collected 66 gold pieces.

Inventory:

Hand Weapons
 f - a +0 short sword (weapon)
Missiles
 l - 4 datura-tipped darts
Jewellery
 h - an amulet of regeneration (around neck)
 m - a ring of willpower (left hand)
Scrolls
 d - a scroll of vulnerability {unknown}
 g - a scroll of poison {unknown}
 i - 3 scrolls of enchant weapon {unknown}
 n - a scroll of noise {unknown}
 o - a scroll of fear {unknown}
 p - 2 scrolls of identify {unknown}
Potions
 b - a potion of flight {unknown}
 c - a potion of heal wounds {unknown}
 e - a potion of berserk rage {unknown}
 j - 3 potions of attraction {unknown}
 k - a potion of degeneration {unknown}
 q - a potion of haste {unknown}


   Skills:
 + Level 1.1 Fighting
 + Level 2.2 Dodging
 + Level 2.3 Stealth
 + Level 2.3 Spellcasting
 + Level 1.6 Conjurations
 + Level 3.3 Fire Magic


You had 3 spell levels left.
You knew the following spells:

 Your Spells              Type           Power      Damage    Failure   Level
a - Foxfire               Conj/Fire      40%        2x1d6     7%          1
b - Scorch                Fire           26%        2d6       7%          2

Your spell library contained the following spells:

 Spells                   Type           Power      Damage    Failure   Level
 Inner Flame              Hex/Fire       7%         N/A       28%         3
 Volatile Blastmotes      Fire/Tloc      14%        2d11      28%         3
 Flame Wave               Conj/Fire      10%        2d6       56%         4
 Animate Dead             Necr           2%         N/A       88%         4
 Haunt                    Necr/Summ      1%         N/A       100%        7
 Infestation              Necr           1%         N/A       100%        8


Dungeon Overview and Level Annotations

Branches:
Dungeon (2/15)

Altars:

Annotations:
D:2 Sigmund


Innate Abilities, Weirdness & Mutations

Your plain brown scales are hard. (AC +5)
You cannot fit into any form of body armour.
You are cold-blooded and may be slowed by cold attacks.


Message History

Confirm with . or Enter, or press ? or * to list all spells.
You don't have enough magic to cast this spell.
You barely miss Sigmund.
You tail-slap Sigmund, but do no damage.
Sigmund is almost dead.
Sigmund closely misses you.
You barely miss Sigmund.
Sigmund is almost dead.
Sigmund hits you with a +0 scythe of protection!
You barely miss Sigmund.
Sigmund is almost dead.
Sigmund hits you with a +0 scythe of protection!
* * * LOW HITPOINT WARNING * * *
You closely miss Sigmund.
Sigmund is almost dead.
You closely miss Sigmund.
Sigmund is almost dead.
Sigmund hits you with a +0 scythe of protection.
* * * LOW HITPOINT WARNING * * *
Okay, then.
Okay, then.
You hit Sigmund but do no damage.
Your tail-slap misses Sigmund.
Sigmund is almost dead.
Sigmund barely misses you.
You closely miss Sigmund.
Your tail-slap misses Sigmund.
Sigmund is almost dead.
You hit Sigmund but do no damage.
You tail-slap Sigmund, but do no damage.
Sigmund is almost dead.
Sigmund barely misses you.
You hit Sigmund but do no damage.
You tail-slap Sigmund, but do no damage.
Sigmund is almost dead.
Sigmund misses you. Magic courses through your body.
Sigmund mumbles some strange words.
Sigmund flickers and vanishes!
Deactivating autopickup; reactivate with Ctrl-A.
Something hits you!
You die...

#### ###.#.##.######.##
...# #....##.# .#
##.##### #..####.# .#
..>....# #..# #.# +#
##.###.# #..####.#
#.###.# #.......#
#.#.#.# #.##.####
##.....########.#.{.####
................@......+
###....########.#...####
.......# #.##.##
######.#### #. ###
#......# #. ####.#.##.#
#. ...#.#.# # #.
##.....# #. #..)###


There were no monsters in sight!

Vanquished Creatures
  An adder (D:2)
  A worm (D:2)
  A dart slug (D:1)
  5 bats
  4 endoplasms
  2 giant cockroaches (D:1)
  A goblin (D:2)
  3 hobgoblins (D:1)
  2 jackals (D:1)
  7 ball pythons
  A frilled lizard (D:2)
  4 kobolds
  5 rats
37 creatures vanquished.

Vanquished Creatures (others)
  67 foxfires
67 creatures vanquished.

Grand Total: 104 creatures vanquished

Notes
Turn   | Place    | Note
-------+----------+-------------------------------------------
     0 | D:1      | croobank the Draconian Fire Elementalist began the quest
                  | for the Orb.
     0 | D:1      | Reached XP level 1. HP: 14/14 MP: 3/3
   399 | D:1      | Reached XP level 2. HP: 20/20 MP: 1/5
   402 | D:1      | Learned a level 2 spell: Scorch
  1505 | D:2      | Reached XP level 3. HP: 27/27 MP: 3/6
  1867 | D:2      | Found a faded altar of an unknown god.
  2271 | D:2      | Reached skill level 1 in Fighting
  2467 | D:2      | Noticed Sigmund
  2487 | D:2      | Slain by Sigmund

Illustrated notes

Levels and vault maps discovered:
D:1:      dpeg_arrival_refuge, layout_loops_corners, st_stairs_6,
          chequers_hall_statues_y
D:2:      layout_loops_corners, dreamdust_ecumenical_altar_statues, uniq_sigmund

Skill      XL: |  1  2  3 |
---------------+----------+-----
Stealth        | 2 |  2.3
Dodging        | 2 |  2.2
Fighting       | 1 |  1.1
Spellcasting   | |  2.3
Conjurations   | |  1.6
Fire Magic     | |  3.3

Action                     || total
---------------------------++-------
  Melee: Short sword       ||    20
         Unarmed           ||     1
         Tailslap          ||     4
   Cast: Foxfire           ||    40
         Scorch            ||    21
    Use: Potion            ||     1
   Stab: Sleeping          ||     3
 Armour: Skin              ||     9
  Dodge: Dodged            ||    19
